 Dungeon Crawl Stone Soup version 0.25-a0-110-ge29c8f2358 (webtiles) character file.

Game seed: 932212165395157779, levelgen mode: deterministic

2 Esekla the Caller (level 1, 0/13 HPs)
             Began as a Demonspawn Wanderer on Nov 19, 2019.
             Slain by a bat (1 damage)
             ... on level 1 of the Dungeon.
             The game lasted 00:01:38 (136 turns).

Esekla the Caller (Demonspawn Wanderer)              Turns: 136, Time: 00:01:38

Health: 0/13       AC:  1    Str:  9    XL:     1   Next: 33%
Magic:  3/3        EV: 11    Int: 17    God:
Gold:   14         SH:  0    Dex: 11    Spells: 4/4 levels left

rFire    . . .     SeeInvis .   a - +0 dagger
rCold    . . .     Gourm    .   (no shield)
rNeg     . . .     Faith    .   d - +0 robe
rPois    .         Spirit   .   (no helmet)
rElec    .         Reflect  .   (no cloak)
rCorr    .         Harm     .   b - -2 pair of gloves (curse)
MR       .....                  (no boots)
Stlth    +.........             (no amulet)
HPRegen  0.04/turn              (no ring)
MPRegen  0.08/turn              (no ring)

@: no status effects
A: no striking features
a: no special abilities


You were on level 1 of the Dungeon.
You were not hungry.

You visited 1 branch of the dungeon, and saw 1 of its levels.

You collected 14 gold pieces.

Inventory:

Hand Weapons
 a - a +0 dagger (weapon)
Armour
 b - a cursed -2 pair of gloves (worn)
 d - a +0 robe (worn)
Comestibles
 f - a ration


   Skills:
 - Level 1.0 Throwing
 + Level 1.0 Stealth
 + Level 2.2 Spellcasting
   Level 3.0 Summonings
   Level 2.6 Translocations


You had 4 spell levels left.
You didn't know any spells.
Your spell library contained the following spells:

 Spells                   Type           Power        Failure   Level  Hunger
 Summon Butterflies       Summ           ##......     5%          1    #......
 Blink                    Tloc           N/A          10%         2    ###....
 Shroud of Golubria       Chrm/Tloc      #.....       17%         2    ###....
 Animate Skeleton         Necr           N/A          19%         1    #......
 Gell's Gravitas          Tloc           ##........   19%         3    ###....
 Lesser Beckoning         Tloc           ##........   19%         3    ###....
 Teleport Other           Tloc           ##......     19%         3    ###....
 Summon Guardian Golem    Hex/Summ       #.......     30%         3    ###....
 Vampiric Draining        Necr           #.........   50%         3    ###....
 Passage of Golubria      Tloc           N/A          54%         4    #####..


Dungeon Overview and Level Annotations

Branches:
Dungeon (1/15)

Altars:


Message History

You closely miss the hobgoblin.
The hobgoblin is moderately wounded.
The hobgoblin barely misses you.
You hit the hobgoblin but do no damage.
The hobgoblin is moderately wounded.
The hobgoblin hits you with a +0 club.
You hit the hobgoblin but do no damage.
The hobgoblin is moderately wounded.
The hobgoblin barely misses you.
You hit the hobgoblin but do no damage.
The hobgoblin is moderately wounded.
The hobgoblin hits you with a +0 club.
* * * LOW HITPOINT WARNING * * *
The bat barely misses you. The bat hits you but does no damage.
The bat closely misses you. The bat misses you. The bat completely misses you.
The bat hits you but does no damage.
You open the door. The bat hits you.
You die...

#....# #....######+####+###
#....##............#
#....##............#
#....##............# ############
#....##............#
...........###.†...'............#
...............#'###............#
......†........#@# ###'##........
...............#b# #.##........
.............###g# #.##....>...
.............###.#####.##...#....
########.........##....######.###
#................##.#### #.#
#................##.#########.#
#................##...........###
#........##'########.##..........


You could see a hobgoblin and a bat.

Vanquished Creatures
  A goblin (D:1)
  2 rats (D:1)
3 creatures vanquished.

Notes
Turn   | Place    | Note
-------+----------+-------------------------------------------
     0 | D:1      | Esekla the Demonspawn Wanderer began the quest for the Orb.
     0 | D:1      | Esekla set off with the following items: a +0 dagger, a +0
                  | robe, a ration; and the following spells available to
                  | memorise: Summon Butterflies, Blink, Shroud of Golubria,
                  | Animate Skeleton, Gell's Gravitas, Lesser Beckoning,
                  | Teleport Other, Summon Guardian Golem, Vampiric Draining,
                  | Passage of Golubria
     0 | D:1      | Reached XP level 1. HP: 13/13 MP: 3/3
   136 | D:1      | Slain by a bat

Levels and vault maps discovered:
D:1:      giann_horns, layout_basic, grunt_decor_fettered

Action                   || total
-------------------------++-------
Melee: Dagger            ||    20
 Stab: Sleeping          ||     1
Armor: Robe              ||     7
Dodge: Dodged            ||    13

Table legend:
 A = Non-vault XP
 B = Vault XP
 C = Vault XP percentage of total XP
 D = Non-vault monster count
 E = Vault monster count
 F = Vault count percentage of total count
                 A         B        C        D         E       F
            +---------+---------+-------+---------+---------+-------
      Total |       4 |       0 |   0.0 |       3 |       0 |   0.0
            +---------+---------+-------+---------+---------+-------
        D:1 |       4 |       0 |   0.0 |       3 |       0 |   0.0
            +---------+---------+-------+---------+---------+-------
